| TOP OF THE 1ST |
|
Vanderbilt University Commodores batting - Pitching for Fresno State University Bulldogs : RHP Melvin Palacios
|
|
Pitching: RHP Melvin Palacios
|
|
|
Batting: RHB Jose Ramos
|
0-0: Ball 1-0: Called Strike 1-1: Called Strike 1-2: Ball 2-2: SOLO HOME RUN (Line Drive, 7D, EV 103.1 MPH), Distance : 388 ft
|
|
Batting: SHB D.J. Davis
|
0-0: Fly out, F7 (Flyball, 7, EV 88.1 MPH)
|
|
Batting: RHB Edgar Fernandez
|
0-0: Ball 1-0: Called Strike 1-1: Fly out, F9 (Flyball, 89M, EV 86.9 MPH)
|
|
Batting: RHB Takashi Takeuchi
|
0-0: Called Strike 0-1: Ball 1-1: Ground out 4-3 (Groundball, 4, EV 89.4 MPH)
|
| Top of the 1st over - 1 run, 1 hit, 0 errors, 0 left on base; Vanderbilt University 1 - Fresno State University 0 |
| BOTTOM OF THE 1ST |
|
Fresno State University Bulldogs batting - Pitching for Vanderbilt University Commodores : RHP Milutin Mladjenovic
|
|
Pitching: RHP Milutin Mladjenovic
|
|
|
Batting: RHB Sinfronio Carreon
|
0-0: Ball 1-0: Called Strike 1-1: Fly out, F7 (Flyball, 7, EV 83.1 MPH)
|
|
Batting: RHB Sandy Munoz
|
0-0: Ball 1-0: Called Strike 1-1: Swinging Strike 1-2: Foul Ball, location: 2F 1-2: Foul Ball, location: 2F 1-2: Strikes out swinging
|
|
Batting: SHB Carlton Stannard
|
0-0: Foul Ball, location: 2F 0-1: Ball 1-1: Foul Ball, location: 2F 1-2: Ground out 5-3 (Groundball, 56S, EV 84.4 MPH)
|
| Bottom of the 1st over - 0 runs, 0 hits, 0 errors, 0 left on base; Vanderbilt University 1 - Fresno State University 0 |
| TOP OF THE 2ND |
|
Vanderbilt University Commodores batting - Pitching for Fresno State University Bulldogs : RHP Melvin Palacios
|
|
Batting: LHB Tokito Ishizaki
|
0-0: Ball 1-0: Ball 2-0: Foul Ball, location: 2F 2-1: Ball 3-1: Base on Balls
|
|
Batting: RHB Paul Johnson
|
0-0: Ball 1-0: Swinging Strike 1-1: Grounds into double play, 5-4-3 (Groundball, 56, EV 88.8 MPH)
|
|
Batting: SHB Robbie Glover
|
0-0: Ball 1-0: DOUBLE (Line Drive, 78D, EV 108.8 MPH)
|
|
Batting: RHB Min Tann
|
0-0: Called Strike 0-1: Hit by Pitch
|
|
Batting: RHB Pakiana Kileona
|
0-0: SINGLE (Groundball, 6D, EV 97.5 MPH) Robbie Glover to third Min Tann to second Runner from 3rd tries for Home, SAFE, throw by CF to home
|
|
Batting: RHB Jose Ramos
|
0-0: Swinging Strike 0-1: Called Strike 0-2: Fly out, F7 (Flyball, 7LM, EV 77.5 MPH)
|
| Top of the 2nd over - 1 run, 2 hits, 0 errors, 2 left on base; Vanderbilt University 2 - Fresno State University 0 |
| BOTTOM OF THE 2ND |
|
Fresno State University Bulldogs batting - Pitching for Vanderbilt University Commodores : RHP Milutin Mladjenovic
|
|
Batting: LHB Ollie Strauss
|
0-0: Ball 1-0: Ball 2-0: Called Strike 2-1: Ball 3-1: Base on Balls
|
|
Batting: LHB Brad Benanti
|
0-0: Called Strike 0-1: Ball Ollie Strauss steals 2nd base 1-1: Foul Ball, location: 2F 1-2: Ground out U3 (Groundball, 3L, EV 103.1 MPH) Ollie Strauss to third
|
|
Batting: RHB Tony Nowak
|
0-0: Ball 1-0: Called Strike 1-1: Ball 2-1: Called Strike 2-2: SINGLE (Flyball, 3D, EV 88.1 MPH) Ollie Strauss scores
|
|
Batting: LHB Moktar Ame
|
0-0: Ball 1-0: Called Strike Tony Nowak steals 2nd base 1-1: Foul Ball, location: 2F 1-2: Ball 2-2: Fly out, F9 (Flyball, 9LDF, EV 98.8 MPH)
|
|
Batting: RHB Ryan Roberts
|
0-0: Ball 1-0: Fly out, F7 (Flyball, 7D, EV 78.1 MPH)
|
| Bottom of the 2nd over - 1 run, 1 hit, 0 errors, 1 left on base; Vanderbilt University 2 - Fresno State University 1 |
| TOP OF THE 3RD |
|
Vanderbilt University Commodores batting - Pitching for Fresno State University Bulldogs : RHP Melvin Palacios
|
|
Batting: SHB D.J. Davis
|
0-0: Ball 1-0: Foul Ball, location: 2F 1-1: Ground out 4-3 (Groundball, 4, EV 85.0 MPH)
|
|
Batting: RHB Edgar Fernandez
|
0-0: Foul Ball, location: 2F 0-1: SOLO HOME RUN (Flyball, 7D, EV 95.6 MPH), Distance : 376 ft
|
|
Batting: RHB Takashi Takeuchi
|
0-0: Called Strike 0-1: Ball 1-1: Fly out, F7 (Flyball, 78M, EV 90.0 MPH)
|
|
Batting: LHB Tokito Ishizaki
|
0-0: Ball 1-0: Ground out 4-3 (Groundball, 4M, EV 90.0 MPH)
|
| Top of the 3rd over - 1 run, 1 hit, 0 errors, 0 left on base; Vanderbilt University 3 - Fresno State University 1 |
| BOTTOM OF THE 3RD |
|
Fresno State University Bulldogs batting - Pitching for Vanderbilt University Commodores : RHP Milutin Mladjenovic
|
|
Batting: RHB Greg Meyer
|
0-0: Ball 1-0: Foul Ball, location: 2F 1-1: Fly out, F7 (Flyball, 78M, EV 82.5 MPH)
|
|
Batting: RHB Sinfronio Carreon
|
0-0: Called Strike 0-1: Ball 1-1: Ball 2-1: Ball 3-1: Base on Balls
|
|
Batting: RHB Sandy Munoz
|
0-0: Called Strike 0-1: Ball 1-1: Foul Ball, location: 2F 1-2: Ball 2-2: Foul Ball, location: 2F 2-2: Foul Ball, location: 2F 2-2: Foul Ball, location: 2F 2-2: Foul Ball, location: 2F 2-2: Foul Ball, location: 2F 2-2: Fly out, F5 (Popup, 5S, EV 81.2 MPH)
|
|
Batting: SHB Carlton Stannard
|
0-0: Ball 1-0: Ball 2-0: Ball 3-0: Called Strike 3-1: Fielders Choice at 2nd, U4 (Groundball, 4M, EV 102.5 MPH)
|
| Bottom of the 3rd over - 0 runs, 0 hits, 0 errors, 1 left on base; Vanderbilt University 3 - Fresno State University 1 |
| TOP OF THE 4TH |
|
Vanderbilt University Commodores batting - Pitching for Fresno State University Bulldogs : RHP Melvin Palacios
|
|
Batting: RHB Paul Johnson
|
0-0: Ball 1-0: Called Strike 1-1: Foul Ball, location: 2F 1-2: Ball 2-2: Ball 3-2: Foul Ball, location: 2F 3-2: Ground out 4-3 (Groundball, 4S, EV 88.8 MPH)
|
|
Batting: SHB Robbie Glover
|
0-0: Called Strike 0-1: Ball 1-1: Swinging Strike 1-2: Strikes out swinging
|
|
Batting: RHB Min Tann
|
0-0: Called Strike 0-1: Ball 1-1: Called Strike 1-2: Foul Ball, location: 2F 1-2: Ball 2-2: DOUBLE (Groundball, 5L, EV 105.0 MPH)
|
|
Batting: RHB Pakiana Kileona
|
0-0: Ball 1-0: Ball 2-0: Ground out 3-1 (Groundball, 34, EV 104.4 MPH)
|
| Top of the 4th over - 0 runs, 1 hit, 0 errors, 1 left on base; Vanderbilt University 3 - Fresno State University 1 |
| BOTTOM OF THE 4TH |
|
Fresno State University Bulldogs batting - Pitching for Vanderbilt University Commodores : RHP Milutin Mladjenovic
|
|
Batting: LHB Ollie Strauss
|
0-0: Called Strike 0-1: Ball 1-1: Ground out 6-3 (Groundball, 6M, EV 97.5 MPH)
|
|
Batting: LHB Brad Benanti
|
0-0: Ball 1-0: Foul Ball, location: 2F 1-1: Fly out, F8 (Flyball, 8LD, EV 100.6 MPH)
|
|
Batting: RHB Tony Nowak
|
0-0: Called Strike 0-1: Foul Ball, location: 2F 0-2: SINGLE (Flyball, 89S, EV 93.1 MPH)
|
|
Batting: LHB Moktar Ame
|
0-0: Ground out 4-3 (Groundball, 34S, EV 89.4 MPH)
|
| Bottom of the 4th over - 0 runs, 1 hit, 0 errors, 1 left on base; Vanderbilt University 3 - Fresno State University 1 |
| TOP OF THE 5TH |
|
Vanderbilt University Commodores batting - Pitching for Fresno State University Bulldogs : RHP Melvin Palacios
|
|
Batting: RHB Jose Ramos
|
0-0: Fly out, F8 (Flyball, 8LXD, EV 101.9 MPH)
|
|
Batting: SHB D.J. Davis
|
0-0: Foul Ball, location: 2F 0-1: Ball 1-1: Fly out, F9 (Flyball, 8RS, EV 93.8 MPH)
|
|
Batting: RHB Edgar Fernandez
|
0-0: Ball 1-0: Called Strike 1-1: Foul Ball, location: 2F 1-2: Ball 2-2: Ball 3-2: Fly out, F9 (Flyball, 9, EV 81.2 MPH)
|
| Top of the 5th over - 0 runs, 0 hits, 0 errors, 0 left on base; Vanderbilt University 3 - Fresno State University 1 |
| BOTTOM OF THE 5TH |
|
Fresno State University Bulldogs batting - Pitching for Vanderbilt University Commodores : RHP Milutin Mladjenovic
|
|
Batting: RHB Ryan Roberts
|
0-0: Swinging Strike 0-1: Fly out, F9 (Flyball, 9, EV 85.6 MPH)
|
|
Batting: RHB Greg Meyer
|
0-0: Fly out, F3 (Line Drive, 4, EV 66.2 MPH)
|
|
Batting: RHB Sinfronio Carreon
|
0-0: Ball 1-0: Ball 2-0: Called Strike 2-1: Ball 3-1: Ground out U3 (Groundball, 3, EV 91.2 MPH)
|
| Bottom of the 5th over - 0 runs, 0 hits, 0 errors, 0 left on base; Vanderbilt University 3 - Fresno State University 1 |
| TOP OF THE 6TH |
|
Vanderbilt University Commodores batting - Pitching for Fresno State University Bulldogs : RHP Melvin Palacios
|
|
Batting: RHB Takashi Takeuchi
|
0-0: Ball 1-0: Foul Ball, location: 2F 1-1: Fly out, F8 (Flyball, 89D, EV 108.8 MPH)
|
|
Batting: LHB Tokito Ishizaki
|
0-0: Called Strike 0-1: Called Strike 0-2: Ball 1-2: DOUBLE (Line Drive, 9LD, EV 101.2 MPH)
|
|
Batting: RHB Paul Johnson
|
0-0: Ball 1-0: Fly out, F3 (Popup, 3SF, EV 83.1 MPH)
|
|
Batting: SHB Robbie Glover
|
0-0: Foul Ball, location: 2F 0-1: Foul Ball, location: 2F 0-2: Strikes out swinging
|
| Top of the 6th over - 0 runs, 1 hit, 0 errors, 1 left on base; Vanderbilt University 3 - Fresno State University 1 |
| BOTTOM OF THE 6TH |
|
Fresno State University Bulldogs batting - Pitching for Vanderbilt University Commodores : RHP Milutin Mladjenovic
|
|
Batting: RHB Sandy Munoz
|
0-0: Called Strike 0-1: Ball 1-1: Ball 2-1: Ball 3-1: Base on Balls
|
|
Batting: SHB Carlton Stannard
|
0-0: SINGLE (Groundball, 56S, EV 63.8 MPH) (infield hit) Sandy Munoz to second
|
|
Batting: LHB Ollie Strauss
|
0-0: Ball 1-0: Ball Wild Pitch! Sandy Munoz to third Carlton Stannard to second 2-0: Fly out, F4 (Line Drive, 4M, EV 70.6 MPH)
|
|
Batting: LHB Brad Benanti
|
0-0: Foul Ball, location: 2F 0-1: Ball 1-1: Ball 2-1: Foul Ball, location: 2F 2-2: SINGLE (Line Drive, 78S, EV 92.5 MPH) Sandy Munoz scores Carlton Stannard to third Runner from 3rd tries for Home, SAFE, throw by LF to home
|
|
Pitching: RHP Jesus Ortega
|
|
|
Batting: RHB Tony Nowak
|
0-0: Foul Ball, location: 2F 0-1: Ball 1-1: Fly out, F8 (Flyball, 8RXD, EV 96.2 MPH)
|
|
Batting: LHB Moktar Ame
|
0-0: Ball 1-0: Foul Ball, location: 2F 1-1: Foul Ball, location: 2F 1-2: Ball Brad Benanti steals 2nd base 2-2: Foul Ball, location: 2F 2-2: Ground out U3 (Groundball, 34, EV 90.6 MPH)
|
| Bottom of the 6th over - 2 runs, 2 hits, 0 errors, 1 left on base; Vanderbilt University 3 - Fresno State University 3 |
| TOP OF THE 7TH |
|
Vanderbilt University Commodores batting - Pitching for Fresno State University Bulldogs : RHP Melvin Palacios
|
|
Batting: RHB Min Tann
|
0-0: Fly out, F9 (Flyball, 89S, EV 90.0 MPH)
|
|
Batting: RHB Pakiana Kileona
|
0-0: Fly out, F8 (Flyball, 8RD, EV 101.9 MPH)
|
|
Batting: RHB Jose Ramos
|
0-0: Ball 1-0: Ball 2-0: Ball 3-0: Foul Ball, location: 2F 3-1: Fly out, F9 (Flyball, 9, EV 81.9 MPH)
|
| Top of the 7th over - 0 runs, 0 hits, 0 errors, 0 left on base; Vanderbilt University 3 - Fresno State University 3 |
| BOTTOM OF THE 7TH |
|
Fresno State University Bulldogs batting - Pitching for Vanderbilt University Commodores : RHP Jesus Ortega
|
|
Batting: RHB Ryan Roberts
|
0-0: Foul Ball, location: 2F 0-1: Foul Ball, location: 2F 0-2: Ball 1-2: Ball 2-2: Foul Ball, location: 2F 2-2: Ball 3-2: Foul Ball, location: 2F 3-2: Ground out 5-3 (Groundball, 56, EV 86.9 MPH)
|
|
Batting: RHB Greg Meyer
|
0-0: Foul Ball, location: 2F 0-1: Called Strike 0-2: Ball 1-2: Ball 2-2: Strikes out swinging
|
|
Batting: RHB Sinfronio Carreon
|
0-0: Ball 1-0: Ball 2-0: Ball 3-0: Called Strike 3-1: Foul Ball, location: 2F 3-2: Strikes out swinging
|
| Bottom of the 7th over - 0 runs, 0 hits, 0 errors, 0 left on base; Vanderbilt University 3 - Fresno State University 3 |
| TOP OF THE 8TH |
|
Vanderbilt University Commodores batting - Pitching for Fresno State University Bulldogs : RHP Melvin Palacios
|
|
Pitching: RHP Antonio Levario
|
|
|
Batting: SHB D.J. Davis
|
0-0: Ball 1-0: Foul Ball, location: 2F 1-1: Called Strike 1-2: Strikes out swinging
|
|
Batting: RHB Edgar Fernandez
|
0-0: Called Strike 0-1: Swinging Strike 0-2: Ball 1-2: Strikes out swinging
|
|
Batting: RHB Takashi Takeuchi
|
0-0: Ball 1-0: Ball 2-0: Called Strike 2-1: Fly out, F7 (Line Drive, 7LM, EV 105.6 MPH)
|
| Top of the 8th over - 0 runs, 0 hits, 0 errors, 0 left on base; Vanderbilt University 3 - Fresno State University 3 |
| BOTTOM OF THE 8TH |
|
Fresno State University Bulldogs batting - Pitching for Vanderbilt University Commodores : RHP Jesus Ortega
|
|
Pitching: LHP Ethan Roberson
|
|
|
Batting: RHB Sandy Munoz
|
0-0: DOUBLE (Line Drive, 89D, EV 103.1 MPH)
|
|
Batting: SHB Carlton Stannard
|
0-0: Foul Ball, location: 2F 0-1: Foul Ball, location: 2F 0-2: Strikes out swinging
|
|
Batting: LHB Ollie Strauss
|
0-0: Ball 1-0: SINGLE (Line Drive, 8LS, EV 93.1 MPH) Sandy Munoz to third Runner from 3rd tries for Home, SAFE, throw by CF to home
|
|
Batting: LHB Brad Benanti
|
0-0: Ball 1-0: Foul Ball, location: 2F 1-1: Swinging Strike 1-2: Ball 2-2: Foul Ball, location: 2F 2-2: Fly out, F7 (Flyball, 7, EV 92.5 MPH)
|
|
Batting: RHB Tony Nowak
|
0-0: Ball 1-0: Ball 2-0: Fly out, F8 (Flyball, 89S, EV 85.6 MPH)
|
| Bottom of the 8th over - 1 run, 2 hits, 0 errors, 1 left on base; Vanderbilt University 3 - Fresno State University 4 |
| TOP OF THE 9TH |
|
Vanderbilt University Commodores batting - Pitching for Fresno State University Bulldogs : RHP Antonio Levario
|
|
Pitching: RHP Milojica Mrdja
|
|
|
Batting: LHB Tokito Ishizaki
|
0-0: Ball 1-0: Ball 2-0: Ground out 4-3 (Groundball, 4, EV 91.2 MPH)
|
|
Batting: RHB Paul Johnson
|
0-0: Foul Ball, location: 2F 0-1: SINGLE (Groundball, 34S, EV 71.9 MPH) (infield hit)
|
|
Batting: SHB Robbie Glover
|
0-0: Called Strike 0-1: Ball 1-1: Called Strike 1-2: Strikes out swinging
|
|
Batting: RHB Min Tann
|
0-0: Fly out, F4 (Popup, 4M, EV 58.1 MPH)
|
| Top of the 9th over - 0 runs, 1 hit, 0 errors, 1 left on base; Vanderbilt University 3 - Fresno State University 4 |
|